 Dungeon Crawl Stone Soup version 0.31-a0-263-ge8cad7f256 (webtiles) character file.

Game seed: 16597639905876924596

1787 qw the Skirmisher (level 9, -3/55 HPs)
             Began as a Gargoyle Hexslinger on July 13, 2023.
             Slain by a gnoll
             ... wielding a +0 halberd
             ... led by a gnoll bouda
              (10 damage)
             ... on level 6 of the Dungeon.
             The game lasted 00:02:00 (5352 turns).

qw the Skirmisher (Gargoyle Hexslinger)             Turns: 5352, Time: 00:02:01

Health: -3/55      AC: 16    Str: 12    XL:     9   Next: 8%
Magic:  10/10      EV: 11    Int: 16    God:
Gold:   272        SH:  0    Dex: 16    Spells: 9/10 levels left

rFire   + . .        h - +2 sling (heavy)
rCold   . . .        (no shield)
rNeg    + . .        t - +0 acid dragon scales
rPois   inf          m - +0 helmet
rElec   +            (no cloak)
rCorr   +            s - +0 pair of gloves
SInv    +            i - +0 pair of boots
Will    +....        (no amulet)
Stlth   +            q - ring of see invisible
HPRegen 0.29/turn    g - ring of the Immovable Artisans {rF+ Will+ rCorr Int+2}
MPRegen 0.12/turn

%: no passive effects
@: no status effects
A: sickness immunity, AC +6, negative energy resistance 1, electricity
resistance, torment resistance 1, petrification resistance
a: no special abilities


You were on level 6 of the Dungeon.
You visited 1 branch of the dungeon, and saw 6 of its levels.

You collected 272 gold pieces.


Innate Abilities, Weirdness & Mutations

You are immune to sickness and miasma.
Your stone body is resilient. (AC +6)
You are immune to poison.
You resist negative energy. (rN+)
You are resistant to electric shocks. (rElec)
You are resistant to unholy torment.
You are immune to petrification.


   Skills:
 - Level 6.0 Fighting
 + Level 9.6 Ranged Weapons
 - Level 3.1 Armour
 - Level 2.0 Dodging
 - Level 1.0 Spellcasting
 - Level 2.6 Hexes


You had 9 spell levels left.
You knew the following spells:

 Your Spells              Type           Power      Damage    Failure   Level
a - Slow                  Hex            36%        N/A       11%         1

Your spell library contained the following spells:

 Spells                   Type           Power      Damage    Failure   Level
 Inner Flame              Hex/Fire       5%         N/A       50%         3
 Portal Projectile        Hex/Tloc       10%        N/A       50%         3
 Cause Fear               Hex            4%         N/A       73%         4

Inventory:

Hand Weapons
 h - a +2 heavy sling (weapon)
Armour
 i - a +0 pair of boots (worn)
 m - a +0 helmet (worn)
 s - a +0 pair of gloves (worn)
 t - +0 acid dragon scales (worn)
Jewellery
 a - a ring of positive energy
 e - a ring of protection from fire
 g - the ring of the Immovable Artisans (right hand) {rF+ Will+ rCorr Int+2}
   (You found it on level 2 of the Dungeon)

   [ring of resist corrosion]

   Int:       It affects your intelligence (+2).
   rF:        It protects you from fire.
   rCorr:     It protects you from acid and corrosion.
   Will:      It increases your willpower.
 q - a ring of see invisible (left hand)
Scrolls
 b - a scroll of teleportation
 f - a scroll of identify
Potions
 c - a potion of heal wounds {unknown}
 d - a potion of brilliance {unknown}
 j - a potion of attraction {unknown}
 k - a potion of curing
 l - a potion of might {unknown}
 n - a potion of resistance {unknown}
 o - a potion of haste {unknown}
 p - a potion of degeneration {unknown}
 r - a potion of invisibility {unknown}

Dungeon Overview and Level Annotations

Branches:
Dungeon (6/15)
 Temple: D:4-7

Altars:
Dithmenos
Uskayaw

Annotations:
D:5 1 runed translucent door, Crazy Yiuf


Message History

The gnoll closely misses you. The gnoll bouda misses you.
The gnoll hits you but does no damage.
You shoot a sling bullet. The sling bullet hits the gnoll bouda.
The gnoll bouda is moderately wounded.
The gnoll bouda hits you with a +0 club.
The gnoll hits you from afar with a +0 halberd.
You shoot a sling bullet.
The sling bullet barely misses the gnoll bouda.
The gnoll bouda closely misses you.
The gnoll hits you from afar with a +0 halberd.
The gnoll bouda closely misses you. The gnoll barely misses you.
You shoot a sling bullet.
The sling bullet closely misses the gnoll bouda.
The gnoll bouda closely misses you. The gnoll closely misses you.
You shoot a sling bullet.
The sling bullet barely misses the gnoll bouda.
The gnoll is no longer moving quickly.
The gnoll bouda barely misses you. The gnoll hits you but does no damage.
The gnoll bouda barely misses you.
The gnoll hits you from afar with a +0 halberd!
You shoot a sling bullet.
The sling bullet completely misses the gnoll bouda.
The gnoll bouda closely misses you. The gnoll closely misses you.
You shoot a sling bullet.
The sling bullet closely misses the gnoll bouda.
The gnoll bouda barks out a call to the hunt!
The gnoll picks up the pace!
The gnoll misses you.
The gnoll bouda hits you with a +0 club.
The gnoll hits you but does no damage.
You shoot a sling bullet.
The sling bullet barely misses the gnoll bouda.
The gnoll bouda hits you but does no damage.
The gnoll hits you but does no damage.
You shoot a sling bullet. The sling bullet hits the gnoll bouda.
The gnoll bouda is heavily wounded.
The gnoll bouda misses you. The gnoll barely misses you.
You shoot a sling bullet. The sling bullet hits the gnoll bouda!
You kill the gnoll bouda!
The gnoll hits you from afar with a +0 halberd! x2
You die...

#.# #...# #.
#.#####.#### #.
#..........# #.
#######.##.#######.
##### #.##.#....##.
#.... #.##.#.##.##.
#.... #.##.#.##.##.
#....#####.##.#.##.##.
#...)@.....##.#.##.##)
#...)########.#.##.###
#...g ................
#.... ................
#.... #########.##.##.
#..!. ......... #....
###.#..... ##...
#.#.#### ##.#.#


You could see a gnoll (swift).

Vanquished Creatures
  Sigmund (D:5)
  Eustachio (D:6)
  Menkaure (D:6)
  An ice beast (D:6)
  2 black bears
  3 ogres (D:5)
  A phantom (D:5)
  A bullfrog (D:3)
  2 scorpions
  4 hounds
  3 jellies
  2 gnoll boudas (D:6)
  2 iguanas
  Ijyb (D:5)
  Natasha (D:2)
  Robin (D:2)
  8 gnolls
  6 adders
  2 white imps
  An ufetubus (D:5)
  A worm (D:2)
  2 dart slugs
  2 orcs
  2 ball pythons (D:1)
  7 bats
  8 endoplasms
  A giant cockroach (D:4)
  17 goblins
  8 hobgoblins
  7 kobolds
  4 quokkas
  4 frilled lizards
  6 rats
113 creatures vanquished.

Notes
Turn   | Place    | Note
-------+----------+-------------------------------------------
     0 | D:1      | qw the Gargoyle Hexslinger began the quest for the Orb.
     0 | D:1      | Reached XP level 1. HP: 12/12 MP: 2/2
     0 | D:1      | 0 ||| qw: Version: 0.3-a-52-g30416fa
     0 | D:1      | 0 ||| qw: Game counter: 7074
     0 | D:1      | 0 ||| qw: Melee chars always use a shield: true
     0 | D:1      | 0 ||| qw: God list: Okawaru
     0 | D:1      | 0 ||| qw: Allow faded altars: false
     0 | D:1      | 0 ||| qw: Do Orc after clearing Dungeon:15 true
     0 | D:1      | 0 ||| qw: Do second Lair branch before Depths: true
     0 | D:1      | 0 ||| qw: Lair rune preference: random
     0 | D:1      | 0 ||| qw: Goals: Normal
     0 | D:1      | 0 ||| PLANNING D:1-11
   174 | D:1      | Reached XP level 2. HP: 14/16 MP: 3/3
   431 | D:1      | Reached skill level 3 in Ranged Weapons
   739 | D:1      | Found a hide-covered altar of Uskayaw.
   776 | D:1      | 776 ||| UPGRADING to +0 pair of boots.
   781 | D:1      | 781 ||| UPGRADING to +0 ring mail.
   791 | D:1      | 791 ||| DROPPING +0 robe.
   792 | D:1      | 792 ||| READING scroll labelled HAVAUPL HAUBB.
   796 | D:1      | 796 ||| READING scroll labelled FUSMAONOEST.
   797 | D:1      | 797 ||| READING 4 scrolls labelled FICOSIK NALUS.
   798 | D:1      | 798 ||| READING scroll labelled CAG INEICKOSOF.
   799 | D:1      | 799 ||| READING scroll labelled XYJUDA NEIPNU.
   800 | D:1      | 800 ||| READING 3 scrolls of identify.
   800 | D:1      | 800 ||| IDENTIFYING emerald potion
   801 | D:1      | 801 ||| DROPPING scroll of poison.
   856 | D:2      | Reached XP level 3. HP: 21/21 MP: 4/4
   870 | D:2      | Found a shadowy altar of Dithmenos.
  1081 | D:2      | Reached skill level 1 in Armour
  1264 | D:2      | Noticed Natasha
  1269 | D:2      | Killed Natasha
  1270 | D:2      | Reached XP level 4. HP: 22/26 MP: 5/5
  1292 | D:2      | Identified the ring of the Immovable Artisans {rF+ Will+
                  | rCorr Int+2}
  1340 | D:2      | Reached skill level 4 in Ranged Weapons
  1599 | D:2      | Noticed Robin
  1613 | D:2      | Killed Robin
  1732 | D:2      | 1732 ||| UPGRADING to +0 helmet.
  1737 | D:2      | 1737 ||| UPGRADING to ring of positive energy.
  1738 | D:2      | 1738 ||| UPGRADING to ring of the Immovable Artisans {rF+
                  | Will+ rCorr Int+2}.
  1739 | D:2      | 1739 ||| READING scroll labelled ZUOCIBL IHAAHOSM.
  1740 | D:2      | 1740 ||| READING scroll labelled TITWEDGHUVVA.
  1741 | D:2      | 1741 ||| DRINKING 2 white potions.
  1796 | D:2      | 1796 ||| READING 2 scrolls of identify.
  1796 | D:2      | 1796 ||| IDENTIFYING purple potion
  1797 | D:2      | 1797 ||| DROPPING potion of lignification.
  1798 | D:2      | 1798 ||| DROPPING potion of magic.
  1829 | D:3      | Noticed a black bear
  1839 | D:3      | Killed a black bear
  1840 | D:3      | Reached skill level 5 in Ranged Weapons
  1840 | D:3      | Reached XP level 5. HP: 17/30 MP: 6/6
  1910 | D:3      | Reached skill level 3 in Fighting
  1910 | D:3      | Reached XP level 6. HP: 14/37 MP: 7/7
  2264 | D:3      | Found a faded altar of an unknown god.
  2487 | D:3      | 2487 ||| READING 2 scrolls of identify.
  2487 | D:3      | 2487 ||| IDENTIFYING fizzy blue potion
  2488 | D:3      | 2488 ||| DROPPING potion of berserk rage.
  2640 | D:4      | Reached skill level 6 in Ranged Weapons
  3303 | D:4      | 3303 ||| UPGRADING to ring of see invisible.
  3305 | D:4      | 3305 ||| READING scroll labelled CEOQAN TUYQIP.
  3306 | D:4      | 3306 ||| READING 2 scrolls labelled EPIALI VAKESI.
  3307 | D:4      | 3307 ||| DROPPING scroll of vulnerability.
  3345 | D:5      | Entered Level 5 of the Dungeon
  3417 | D:5      | Reached XP level 7. HP: 40/43 MP: 8/8
  3577 | D:5      | Reached skill level 7 in Ranged Weapons
  3759 | D:5      | Identified the +6 falchion of Degemett {vamp, rF+ Stlth+}
  3773 | D:5      | Noticed Sigmund
  3778 | D:5      | Reached XP level 8. HP: 40/48 MP: 9/9
  3786 | D:5      | Killed Sigmund
  3787 | D:5      | Reached skill level 8 in Ranged Weapons
  3839 | D:5      | Noticed Ijyb
  3849 | D:5      | Killed Ijyb
  4022 | D:5      | Found a runed translucent door.
  4023 | D:5      | Noticed Crazy Yiuf
  4407 | D:5      | 4407 ||| UPGRADING to +0 pair of gloves.
  4412 | D:5      | 4412 ||| UPGRADING to +0 acid dragon scales.
  4422 | D:5      | 4422 ||| DROPPING +0 ring mail.
  4423 | D:5      | 4423 ||| READING scroll labelled RACAEFI LEONNE.
  4551 | D:6      | Reached skill level 3 in Armour
  4553 | D:6      | 4553 ||| STAIRDANCE
  4652 | D:6      | 4652 ||| STAIRDANCE
  4732 | D:6      | Noticed Eustachio
  4760 | D:6      | HP: 5/49 [white imp/puff of frost[Eustachio] (10)]
  4761 | D:6      | 4761 ||| READING 2 scrolls of teleportation.
  4868 | D:6      | Killed Eustachio
  4990 | D:6      | Noticed Menkaure
  4995 | D:6      | Killed Menkaure
  4996 | D:6      | Reached skill level 9 in Ranged Weapons
  5154 | D:6      | Reached skill level 6 in Fighting
  5154 | D:6      | Reached XP level 9. HP: 55/55 MP: 10/10
  5352 | D:6      | HP: 7/55 [gnoll/+0 halberd[a gnoll bouda] (8)]
  5352 | D:6      | Slain by a gnoll

Levels and vault maps discovered:
D:1:      sevenhm_arrival_forest_fort_small_6, layout_loops_ring
D:2:      layout_loops_corners, basic_altar, grunt_ministairs_15, st_stairs_4,
          uniq_robin, uniq_natasha
D:3:      layout_rooms, dreamdust_ecumenical_altar_hidden_monk_grotto
D:4:      layout_cave_pods
D:5:      layout_loops_ring, minmay_fractal_squares_diagonal_5, uniq_ijyb,
          uniq_sigmund, uniq_crazy_yiuf_cottage
D:6:      layout_basic, uniq_eustachio, uniq_menkaure

Skill      XL: |  1  2  3  4  5  6  7  8 |
---------------+-------------------------+-----
Ranged Weapons | 3 5 6 7 9 |  9.6
Fighting       | 2 3 4 6 |  6.0
Armour         | 1 2 3 |  3.1
Dodging        | 2 |  2.0
Spellcasting   | |  1.0
Hexes          | |  2.6

Action                     |  1- 3 |  4- 6 |  7- 9 || total
---------------------------+-------+-------+-------++-------
   Fire: Sling             |   134 |   138 |   182 ||   454
    Use: Scroll            |     6 |     6 |     2 ||    14
         Potion            |       |     1 |       ||     1
 Armour: Robe              |    11 |       |       ||    11
         Ring mail         |    18 |    49 |    45 ||   112
         Acid dragon scale |       |       |    95 ||    95
  Dodge: Dodged            |    41 |    35 |   162 ||   238

Table legend:
 A = Non-vault XP
 B = Vault XP
 C = Vault XP percentage of total XP
 D = Non-vault monster count
 E = Vault monster count
 F = Vault count percentage of total count
                 A         B        C        D         E       F
            +---------+---------+-------+---------+---------+-------
      Total |    1604 |     989 |  38.1 |      93 |      20 |  17.7
            +---------+---------+-------+---------+---------+-------
        D:1 |      29 |       0 |   0.0 |      17 |       0 |   0.0
        D:2 |      46 |      64 |  58.2 |      19 |       9 |  32.1
        D:3 |     280 |       0 |   0.0 |      23 |       0 |   0.0
        D:4 |     145 |       0 |   0.0 |      10 |       0 |   0.0
        D:5 |     520 |     556 |  51.7 |      11 |       9 |  45.0
        D:6 |     584 |     369 |  38.7 |      13 |       2 |  13.3
            +---------+---------+-------+---------+---------+-------
